cohdb
Replays
Latest Replays
All Replays
Popular Replays
Top Player Replays
Match Explorer
How It Works
Community
CoH3 Stats
Reddit
Sign in to upload your games and track your stats! →
Sign in with Steam
Match 43244212
Unlisted
Match 43244212
Overview
Messages
Build Orders
End
Panzerpioneer Squad
Panzerpioneer Squad
Selects Armored Support Battlegroup
Kradschützen Motorcycle Team
Panzerpioneer Squad
Construct Light Support Kompanie
Construct Mechanized Kompanie
8 Rad Armored Car
Vehicle Survival Package
Tungsten Core Ammunition
Panzerjäger Mechanized Group
Construct Panzerarmee Kommand
Selects Veteran Gunners
Selects Flammpanzer III Medium Tank
Rapid Advance
Emergency Repair Kits
Advanced Optics
Panzerpioneer Squad
Armored Reserves
Selects Command Panzer IV F Medium Tank
Command Panzer IV F Medium Tank
Panzerpioneer Squad
Panzerpioneer Squad
Walking Stuka Rocket Launcher
Selects Salvage Kits
Selects Panzer Storm
Panzerpioneer Squad
Panzerpioneer Squad
Tiger Heavy Tank
Selects Stuka Dive Bomb
Panzerpioneer Squad
Panzerpioneer Squad
Panzerpioneer Squad
Command Panzer IV F Medium Tank
Panzer III L Medium Tank
Panzer III Assault Group
kkangza
317jun
Nukepapa
Czajniczek
0
0
Comments
sign in to comment!
No comments posted yet!